 Dungeon Crawl Stone Soup version 0.19.1 (webtiles) character file.

13027 Gargoyl the Cleaver (level 11, -12/90 HPs)
             Began as a Pale Draconian Abyssal Knight on Dec 5, 2016.
             Was a High Priest of Lugonu.
             Mangled by a death yak (21 damage)
             ... on level 3 of the Lair of Beasts.
             The game lasted 00:28:00 (13912 turns).

Gargoyl the Cleaver (DrAK)                         Turns: 13912, Time: 00:28:01

Health: -12/90     AC: 13    Str: 29    XL:     11   Next: 70%
Magic:  1/17       EV: 15    Int:  9    God:    Lugonu [*****.]
Gold:   728        SH: 10    Dex: 14    Spells: 0 memorised, 10 levels left

rFire  . . .     SeeInvis .     v - +3 war axe (venom)
rCold  + + .     Gourm    .     (armour unavailable)
rNeg   . . .     Faith    .     N - +0 shield
rPois  .         Spirit   .     c - +1 hat
rElec  .         Reflect  .     s - +0 cloak
rCorr  .         Harm     .     d - +0 pair of gloves
MR     .....                    g - +2 pair of boots
Stlth  +++.......               C - amulet of rage
                                o - +6 ring of strength
                                E - ring of Paresh {rC++ Str+6 Int-3 Stlth+}

@: no status effects
A: breathe steam, unfitting armour, big wings, beak, agile 1, frail 1, screaming
1, cold-blooded, AC +7
a: Breathe Steam, Fly, Depart the Abyss, Bend Space, Banish, Corrupt, Enter the
Abyss, Renounce Religion, Evoke Berserk Rage


You were on level 3 of the Lair of Beasts.
You worshipped Lugonu.
Lugonu was extremely pleased with you.
You were near starving.

You visited 2 branches of the dungeon, and saw 13 of its levels.
You visited the Abyss 1 time.

You collected 728 gold pieces.

Inventory:

Hand Weapons
 v - a +3 war axe of venom (weapon)
 y - a +0 war axe
 S - a +0 broad axe
Missiles
 r - 13 tomahawks (quivered)
 B - 8 tomahawks of returning
Armour
 c - a +1 hat (worn)
 d - a +0 pair of gloves (worn)
 g - a +2 pair of boots (worn)
 s - a +0 cloak (worn)
 N - a +0 shield (worn)
Rods
 p - a -3 lightning rod (14/14)
   (You found it on level 8 of the Dungeon)
 D - a +0 lightning rod (13/13)
   (You found it on level 5 of the Dungeon)
Jewellery
 o - a +6 ring of strength (right hand)
 u - a cursed ring of protection from cold
 x - an uncursed amulet of faith {unknown}
 C - an amulet of rage (around neck)
 E - the ring of Paresh (left hand) {rC++ Str+6 Int-3 Stlth+}
   (You found it on level 5 of the Dungeon)

   [ring of intelligence]

   It affects your strength (+6).
   It affects your intelligence (-3).
   It greatly protects you from cold.
   It makes you more stealthy.
Wands
 e - a wand of polymorph (10/24)
 f - a wand of flame (15/48)
 A - a wand of flame (31/48)
 G - a wand of polymorph (8/24)
 H - a wand of lightning (5/15)
 J - a wand of random effects (14/48)
 P - a wand of paralysis (9/24)
Scrolls
 q - 5 scrolls of remove curse
 t - 4 scrolls of recharging
 I - a scroll of fog
 M - a scroll of blinking
 O - a scroll of teleportation
 R - a scroll of amnesia
Potions
 a - 2 potions of haste
 h - 4 potions of flight
 j - a potion of resistance {unknown}
 k - a potion of curing
 l - a potion of berserk rage {unknown}
 n - 3 potions of might
 w - 2 potions of lignification
 z - 2 potions of brilliance
 F - a potion of cure mutation {unknown}
Books
 K - a book of the Earth

   Spells                             Type                      Level
   a - Leda's Liquefaction            Hexes/Earth                  4
   b - Bolt of Magma                  Conjuration/Fire/Earth       5
   c - Statue Form                    Transmutation/Earth          6
   d - Iron Shot                      Conjuration/Earth            6
   e - Shatter                        Earth                        9
Comestibles
 b - 3 bread rations
 i - 7 meat rations
 m - 3 slices of pizza
 Q - a chunk of flesh


   Skills:
 * Level 10.5 Fighting
 + Level 10.6 Axes
 + Level 1.0 Throwing
 * Level 8.3 Dodging
 + Level 3.6 Stealth
 + Level 3.9 Shields
 * Level 8.5 Invocations
 + Level 0.4 Evocations


You had 10 spell levels left.
You didn't know any spells.

Dungeon Overview and Level Annotations

Branches:
Dungeon (9/15)             Temple (0/1) D:6            Lair (4/6) D:8
 Shoals (0/4) Lair:2        Snake (0/4) Lair:3
    Orc: D:9-12

Altars:
Ashenzari
Elyvilon
Gozag
Nemelex Xobeh
Ru
Yredelemnul
Zin

Shops:
D:7 %

Annotations:
Abyss:1 Joseph


Innate Abilities, Weirdness & Mutations

You can breathe blasts of scalding, opaque steam.
Your pale cyan-grey scales are hard. (AC +7)
You cannot fit into any form of body armour.
You are cold-blooded and may be slowed by cold attacks.
Your large and strong wings let you fly indefinitely.
You have a beak for a mouth.
You are agile. (Dex +2)
You are frail. (-10% HP)
You occasionally shout uncontrollably at your foes.


Message History

The death yak gores you but does no damage.
Press: ? - help, Shift-Dir - straight line, f/p - death yak
Aim: a death yak (heavily wounded, poisoned, chance to defeat MR: 23%)
The death yak resists with almost no effort.
You are feeling very hungry.
The death yak closely misses you.
Press: ? - help, Shift-Dir - straight line, f/p - death yak
Aim: a death yak (heavily wounded, poisoned, chance to defeat MR: 23%)
The death yak resists with almost no effort.
You feel somewhat more hungry. The death yak gores you!!
* * * LOW HITPOINT WARNING * * *
Unknown command.
You feel better. The death yak gores you!
* * * LOW HITPOINT WARNING * * *
Press: ? - help, Shift-Dir - straight line, f/p - death yak
Aim: a death yak (moderately wounded, poisoned, chance to defeat MR: 23%)
The death yak resists with almost no effort.
You are near starving!
The death yak gores you!!
You die...

#PP.PP#...#............###
#.PPPP.#.###.?.........###
##...PP.P.####.....##.#...#
##..PPPP.......##.#####.....
#...PPPP.......P...# ###...
#...PPPPP.#...P.P.#####.#.#.
##..PPP.P....P.PP........##.
#...PPP...Y...PPPPP......###
#..........@...PPPPPP...###.
##.....PP.......PP.PPPP.....#
#..............รท#PP.PP.......
##..................PPP..P.#.
#.....>..............P...####
#..............#P.........#
#P#P....<......##........##
#####........####.........#
#.###....# #.........###


You could see a death yak.

Vanquished Creatures
  A death yak (Lair:3)
  2 black mambas (Lair:3)
  4 spiny frogs
  A komodo dragon (Lair:3)
  2 rime drakes (Lair:3)
  A troll (D:9)
  Grinder (D:4)
  4 hippogriffs
  6 blink frogs
  6 yaks (Lair:3)
  A wyvern (D:8)
  A hungry ghost (D:7)
  Edmund (D:5)
  12 water moccasins
  7 porcupines
  Duvessa (D:5)
  2 sky beasts
  2 phantoms
  4 wolves (Lair:2)
  5 centaurs
  6 ogres
  2 crocodiles
  6 bullfrogs
  Dowan (D:5)
  A wyvern skeleton (D:9)
  2 scorpions
  3 killer bees (D:9)
  6 wights (D:9)
  2 howler monkeys
  2 electric eels (Lair:2)
  4 crimson imps
  A bullfrog zombie (D:6)
  A centaur zombie (D:5)
  A jelly (D:5)
  2 bullfrog skeletons
  An orc priest (D:9)
  2 hounds
  2 iguanas
  Jessica (D:2)
  An orc wizard (D:9)
  11 worker ants
  A hound zombie (D:8)
  A howler monkey zombie (D:6)
  2 worker ant zombies
  Robin (D:2)
  A howler monkey skeleton (D:8)
  19 adders
  7 gnolls
  2 river rats (D:8)
  3 shadow imps
  5 oozes
  2 adder zombies
  An adder skeleton (D:5)
  2 worms
  5 dart slugs
  2 leopard geckos
  21 orcs
  11 bats
  5 giant cockroaches
  16 goblins
  13 hobgoblins
  13 jackals
  6 kobolds
  3 quokkas
  2 ball pythons
  6 frilled lizards
  A giant cockroach zombie (D:6)
  14 rats
  6 fungi (D:8)
  5 plants
298 creatures vanquished.

Vanquished Creatures (others)
  A fungus (D:8)
  6 plants (Lair:3)
7 creatures vanquished.

Grand Total: 305 creatures vanquished

Notes
Turn   | Place    | Note
-------+----------+-------------------------------------------
     0 | Abyss:1  | Gargoyl the Draconian Abyssal Knight began the quest for the Orb.
     0 | Abyss:1  | Reached XP level 1. HP: 19/19 MP: 2/2
    12 | Abyss:2  | Found a corrupted altar of Lugonu.
    54 | Abyss:2  | Noticed a small abomination
    66 | D:1      | Escaped the Abyss
   196 | D:1      | Reached XP level 2. HP: 27/27 MP: 3/3
   375 | D:1      | Reached * piety under Lugonu
   518 | D:1      | Reached XP level 3. HP: 28/33 MP: 4/4
  1301 | D:2      | Found a sparkling altar of Nemelex Xobeh.
  1346 | D:2      | Noticed Robin
  1362 | D:3      | Reached ** piety under Lugonu
  1559 | D:3      | Reached XP level 4. HP: 31/40 MP: 5/5
  1634 | D:2      | Killed Robin
  1836 | D:2      | Noticed Jessica
  1848 | D:2      | Killed Jessica
  1995 | D:2      | Found a shattered altar of Ashenzari.
  2533 | D:3      | Reached XP level 5. HP: 47/47 MP: 6/6
  3374 | D:3      | Reached *** piety under Lugonu
  3519 | D:4      | Noticed Grinder
  3539 | D:4      | Paralysed by Grinder for 5 turns
  3550 | D:4      | Paralysed by Grinder for 3 turns
  3572 | D:4      | Killed Grinder
  3572 | D:4      | Reached skill level 5 in Fighting
  3572 | D:4      | Reached XP level 6. HP: 32/56 MP: 8/8
  3911 | D:4      | Your scales start taking on a pale cyan-grey colour.
  3911 | D:4      | Reached XP level 7. HP: 49/61 MP: 9/9
  3975 | D:4      | Found a white marble altar of Elyvilon.
  4497 | D:5      | Entered Level 5 of the Dungeon
  4555 | D:5      | Reached skill level 1 in Stealth
  4662 | D:5      | Reached skill level 5 in Axes
  4810 | D:5      | Got a smoking silver ring
  4826 | D:5      | Noticed Edmund
  4847 | D:5      | Killed Edmund
  4847 | D:5      | Reached XP level 8. HP: 27/70 MP: 11/11
  5075 | D:5      | Noticed Duvessa
  5081 | D:5      | Noticed Dowan
  5084 | D:5      | Killed Duvessa
  5086 | D:5      | Killed Dowan
  5267 | D:5      | Reached **** piety under Lugonu
  5919 | D:6      | Reached skill level 5 in Dodging
  5923 | D:6      | Found a staircase to the Ecumenical Temple.
  5991 | D:6      | Reached skill level 5 in Invocations
  6008 | D:6      | Identified the cursed ring of Paresh {rC++ Str+6 Int-3 Stlth+} (You found it on level 5 of the Dungeon)
  6699 | D:6      | Found a shattered altar of Ashenzari.
  7146 | D:7      | Found Hyseedeu's Food Shop.
  7209 | D:7      | Reached XP level 9. HP: 78/78 MP: 13/13
  7352 | D:7      | Found a sacrificial altar of Ru.
  7352 | D:7      | Found a faded altar of an unknown god.
  7357 | D:7      | Found a faded altar of an unknown god.
  7359 | D:7      | Found an opulent altar of Gozag.
  7361 | D:7      | Found a faded altar of an unknown god.
  7752 | D:8      | Found a staircase to the Lair.
  7900 | D:8      | Noticed Joseph
  7904 | D:8      | Reached ***** piety under Lugonu
  7916 | D:8      | HP: 2/79 [Joseph/sling bullet (20)]
  7919 | D:8      | Banished Joseph
  8254 | D:8      | Found a basalt altar of Yredelemnul.
  8437 | D:8      | Gained mutation: You are agile. (Dex +2) [potion of mutation]
  8437 | D:8      | Gained mutation: You occasionally shout uncontrollably at your foes. [potion of mutation]
  8438 | D:8      | Gained mutation: You are frail. (-10% HP) [potion of mutation]
  8438 | D:8      | Gained mutation: Your large and strong wings let you fly indefinitely. [potion of mutation]
  8438 | D:8      | Gained mutation: You have a beak for a mouth. [potion of mutation]
  8811 | D:9      | Noticed a troll
  8822 | D:9      | Killed a troll
  8822 | D:9      | Reached skill level 1 in Shields
  9207 | D:9      | Reached XP level 10. HP: 79/79 MP: 14/14
  9489 | Lair:1   | Entered Level 1 of the Lair of Beasts
 10697 | Lair:2   | Found a staircase to the Shoals.
 11922 | Lair:3   | Found a frozen archway.
 11983 | Lair:3   | Found a staircase to the Snake Pit.
 11986 | Lair:3   | Noticed a black mamba
 11992 | Lair:3   | Reached skill level 10 in Axes
 11997 | Lair:3   | Killed a black mamba
 11997 | Lair:3   | Reached XP level 11. HP: 64/89 MP: 16/16
 12297 | Lair:3   | Reached skill level 10 in Fighting
 12971 | Lair:3   | Found a glowing silver altar of Zin.
 13474 | Lair:3   | Reached skill level 1 in Throwing
 13693 | Lair:4   | Noticed a death yak
 13701 | Lair:4   | Noticed a death yak
 13703 | Lair:4   | Noticed a death yak
 13703 | Lair:4   | Noticed a death yak
 13703 | Lair:4   | Noticed a death yak
 13736 | Lair:3   | Killed a death yak
 13912 | Lair:3   | Mangled by a death yak

Skill      XL: |  1  2  3  4  5  6  7  8  9 10 11 |
---------------+----------------------------------+-----
Fighting       | 4 5 6 8 9 10 | 10.5
Axes           | 3 4 5 7 8 10 | 10.6
Dodging        | 3 4 5 6 7 8 |  8.3
Invocations    | 3 4 5 6 7 8 |  8.5
Stealth        | 1 2 3 |  3.6
Shields        | 1 2 3 |  3.9
Throwing       | 1 |  1.0
Evocations     | |  0.4

Action                   |  1- 3 |  4- 6 |  7- 9 | 10-12 || total
-------------------------+-------+-------+-------+-------++-------
Melee: Hand axe          |   129 |    94 |       |       ||   223
       Tailslap          |     7 |    17 |    46 |    42 ||   112
       War axe           |       |    86 |   347 |   212 ||   645
       Peck              |       |       |    15 |    67 ||    82
Throw: Tomahawk          |       |     5 |       |     7 ||    12
Invok: Depart the Abyss  |     1 |       |       |       ||     1
       Banish            |       |       |     1 |     4 ||     5
 Abil: Breathe Steam     |       |       |    14 |    15 ||    29
       Evoke Berserk Rag |       |       |       |     1 ||     1
  Use: Scroll            |       |     2 |    23 |     7 ||    32
       Potion            |       |     4 |     5 |     3 ||    12
 Stab: Sleeping          |     1 |     1 |     6 |     4 ||    12
  Eat: Chunk             |     2 |     6 |    22 |    17 ||    47
Armor: Skin              |    64 |   102 |   126 |    68 ||   360
Dodge: Dodged            |    96 |   151 |   286 |   133 ||   666
Block: Buckler           |       |       |    31 |    22 ||    53
       Shield            |       |       |       |    63 ||    63
